 Dungeon Crawl Stone Soup version 0.30.0-20-g3615ddf2f0 (webtiles) character file.

Game seed: 9433908818626165416

1439 qw the Cleaver (level 8, -9/51 HPs)
             Began as a Gargoyle Fighter on May 29, 2023.
             Was an Initiate of Okawaru.
             Mangled by an orc warrior
             ... wielding a +0 trident
              (10 damage)
             ... on level 6 of the Dungeon.
             The game lasted 00:03:07 (5506 turns).

qw the Cleaver (Gargoyle Fighter)                   Turns: 5506, Time: 00:03:08

Health: -9/51      AC: 20    Str: 21    XL:     8   Next: 74%
Magic:  9/9        EV:  8    Int: 13    God:    Okawaru [......]
Gold:   319        SH:  4    Dex:  9    Spells: 7/7 levels left

rFire   + . .        Y - +0 war axe
rCold   . . .        c - +0 buckler
rNeg    + . .        h - +4 chain mail {rF+}
rPois   inf          e - +0 helmet {SInv}
rElec   +            (no cloak)
rCorr   .            (no gloves)
SInv    +            (no boots)
Will    ++...        (no amulet) Stlth
                     i - ring of Soerghine {Will+ Int+3 SInv Stlth+}
HPRegen 0.28/turn    m - ring of willpower
MPRegen 0.11/turn

%: no passive effects
@: about to teleport
A: sickness immunity, AC +5, negative energy resistance 1, electricity
resistance, torment resistance 1, petrification resistance
a: Renounce Religion


You were on level 6 of the Dungeon.
You worshipped Okawaru.
Okawaru was noncommittal.
You visited 2 branches of the dungeon, and saw 7 of its levels.
You also visited: Sewer.

You collected 319 gold pieces.


Innate Abilities, Weirdness & Mutations

You are immune to sickness and miasma.
Your stone body is resilient. (AC +5)
You are immune to poison.
You resist negative energy. (rN+)
You are resistant to electric shocks. (rElec)
You are resistant to unholy torment.
You are immune to petrification.


   Skills:
 - Level 6.1 Fighting
 - Level 8.3 Axes
 + Level 3.5 Armour
 - Level 1.0 Dodging
 - Level 3.2 Shields
 - Level 2.1 Invocations


You had 7 spell levels left.
You didn't know any spells.
Your spell library was empty.

Inventory:

Hand Weapons
 r - a +2 flail of protection
 Y - a +0 war axe (weapon)
Armour
 c - a +0 buckler (worn)
 e - a +0 helmet of see invisible (worn)
 h - a +4 chain mail of fire resistance (worn)
 p - a +0 cloak
Jewellery
 i - the ring of Soerghine (left hand) {Will+ Int+3 SInv Stlth+}
   (You found it on level 2 of the Dungeon)

   [ring of willpower]

   Int:       It affects your intelligence (+3).
   SInv:      It lets you see invisible.
   Will:      It increases your willpower.
   Stlth:     It makes you more stealthy.
 j - a ring of positive energy
 m - a ring of willpower (right hand)
Scrolls
 n - a scroll of poison {unknown}
 o - a scroll of identify
Potions
 b - 3 potions of mutation
 d - a potion of might
 f - a potion of lignification
 g - 2 potions of haste
 k - 3 potions of curing
 l - a potion of heal wounds {unknown}
 q - a potion of resistance {unknown}

Dungeon Overview and Level Annotations

Branches:
Dungeon (6/15)             Temple (1/1) D:4           Sewer (visited)

Altars:
Ashenzari
Cheibriados
Dithmenos
Elyvilon
Fedhas
Gozag
Hepliaklqana
Kikubaaqudgha
Makhleb
Nemelex Xobeh
Okawaru
Qazlal
Ru
Sif Muna
Trog
Uskayaw
Vehumet
Wu Jian
Xom
Yredelemnul
Zin
The Shining One

Annotations:
D:2 1 runed translucent door, Crazy Yiuf


Message History

An orc priest comes into view. It is wielding a +0 flail.
The orc warrior hits you but does no damage.
You barely miss the orc warrior.
The orc warrior hits you but does no damage.
The orc priest calls down the wrath of Beogh upon you.
Beogh smites you!
You closely miss the orc warrior. You block the orc warrior's attack.
An orc comes into view. It is wielding a +0 flail.
You barely miss the orc warrior.
The orc shouts!
You hear a shout!
You hear an angry growl.
The orc warrior hits you but does no damage.
An orc priest comes into view. It is wielding a +0 trident.
You barely miss the orc warrior.
The orc warrior hits you with a +0 trident. x2
The orc hits you with a +0 flail.
You completely miss the orc warrior. You closely miss the orc. You hit the orc.
The orc warrior completely misses you. The orc hits you but does no damage.
The orc barely misses you.
You hit the orc but do no damage.
The orc is heavily wounded.
You slash the orc!
You kill the orc!
Okawaru accepts your kill.
You hit the orc warrior but do no damage.
The orc warrior hits you with a +0 trident!
The orc priest looks braver for a moment.
The orc hits you but does no damage.
You hit the orc.
The orc is severely wounded.
You slash the orc warrior!
The orc warrior hits you with a +0 trident.
The orc hits you but does no damage.
The orc priest invokes the aid of Beogh against you.
Beogh smites you!
5506 ||| READING scroll of teleportation.
As you read the scroll of teleportation, it crumbles to dust.
You feel strangely unstable.
The orc warrior hits you with a +0 trident!
You die...

####.### ##......##
#........#####
.........##..##
......?..##...## ##
..........#....###.#
..........)).....#.###..
..##....)#.[........#..
#.o@..####....#.##..
#.ooo..# #...........
......##....##..........
#.##.. .................
. ##..###.......)......
. . #.............. o
#.........##..)
#..........##..
#.........####..


You could see an orc warrior, 2 orc priests and an orc.

Vanquished Creatures
  Sigmund (D:2)
  Eustachio (D:6)
  Edmund (D:6)
  Menkaure (D:5)
  An ice beast (D:5)
  An ogre (D:5)
  A centaur (D:5)
  A phantom (D:5)
  2 bullfrogs (Sewer)
  2 hounds
  A jelly (D:4)
  A gnoll bouda (D:6)
  A sleepcap (D:6)
  2 iguanas
  Robin (D:2)
  7 gnolls
  7 adders
  A river rat (D:4)
  A shadow imp (D:5)
  An ufetubus (D:5)
  2 worms (D:4)
  5 dart slugs
  7 orcs
  12 ball pythons
  4 bats
  14 endoplasms
  10 giant cockroaches
  15 goblins
  9 hobgoblins
  3 jackals (D:5)
  10 quokkas
  8 frilled lizards
  6 kobolds
  8 rats
148 creatures vanquished.

Notes
Turn   | Place    | Note
-------+----------+-------------------------------------------
     0 | D:1      | qw the Gargoyle Fighter began the quest for the Orb.
     0 | D:1      | Reached XP level 1. HP: 14/14 MP: 1/1
     0 | D:1      | 0 ||| qw: Version: 0.2-a-102-g2b76a06
     0 | D:1      | 0 ||| qw: Game counter: 450
     0 | D:1      | 0 ||| qw: Always use a shield: true
     0 | D:1      | 0 ||| qw: God list: Okawaru
     0 | D:1      | 0 ||| qw: Allow faded altars: false
     0 | D:1      | 0 ||| qw: Do Orc after D:15 true
     0 | D:1      | 0 ||| qw: Do second Lair branch before Depths: true
     0 | D:1      | 0 ||| qw: Lair rune preference: random
     0 | D:1      | 0 ||| qw: Plans: Normal, Zot:1-4, Slime:5, God:TSO, Crypt,
                  | Tomb, Pan, Hells, Abyss, Win
     0 | D:1      | 0 ||| PLANNING D:1-11
   170 | D:1      | Reached skill level 2 in Axes
   300 | D:1      | Reached XP level 2. HP: 13/19 MP: 2/2
   729 | D:1      | 729 ||| READING 2 scrolls labelled HIAHEIG SUOV.
   733 | D:1      | 733 ||| READING scroll labelled FEUPHO HISAT.
   761 | D:2      | 761 ||| STAIRDANCE
   812 | D:2      | Found a runed translucent door.
   813 | D:2      | Noticed Crazy Yiuf
   859 | D:2      | Reached skill level 3 in Axes
   860 | D:2      | 860 ||| Stepping ~*~*~tactically~*~*~ (stealth).
   866 | D:2      | Noticed Robin
   868 | D:2      | Reached XP level 3. HP: 23/23 MP: 3/3
   878 | D:2      | Killed Robin
   894 | D:2      | 894 ||| Stepping ~*~*~tactically~*~*~ (hiding).
   914 | D:2      | 914 ||| Stepping ~*~*~tactically~*~*~ (stealth).
   991 | D:2      | 991 ||| Stepping ~*~*~tactically~*~*~ (hiding).
  1093 | D:2      | Identified the ring of Soerghine {Will+ Int+3 SInv Stlth+}
  1152 | D:2      | 1152 ||| Stepping ~*~*~tactically~*~*~ (stealth).
  1185 | D:2      | Reached XP level 4. HP: 28/28 MP: 4/4
  1413 | D:2      | 1413 ||| Stepping ~*~*~tactically~*~*~ (stealth).
  1415 | D:2      | 1415 ||| Stepping ~*~*~tactically~*~*~ (stealth).
  1420 | D:2      | Reached skill level 4 in Axes
  1465 | D:2      | 1465 ||| Stepping ~*~*~tactically~*~*~ (stealth).
  1489 | D:2      | Noticed Sigmund
  1509 | D:2      | HP: 7/28 [Sigmund/magic dart (9)]
  1516 | D:2      | HP: 7/28 [something (2)]
  1518 | D:2      | HP: 1/28 [something (7)]
  1520 | D:2      | Killed Sigmund
  1521 | D:2      | Reached skill level 5 in Axes
  1521 | D:2      | Reached XP level 5. HP: 2/32 MP: 5/5
  1521 | D:2      | Reached XP level 6. HP: 2/37 MP: 6/6
  1535 | D:2      | 1535 ||| FLEEEEING.
  1536 | D:2      | 1536 ||| FLEEEEING.
  1537 | D:2      | 1537 ||| FLEEEEING.
  1538 | D:2      | 1538 ||| FLEEEEING.
  1539 | D:2      | 1539 ||| FLEEEEING.
  1540 | D:2      | 1540 ||| FLEEEEING.
  1735 | D:2      | 1735 ||| Stepping ~*~*~tactically~*~*~ (stealth).
  2072 | D:2      | 2072 ||| UPGRADING to +0 helmet of see invisible.
  2077 | D:2      | 2077 ||| UPGRADING to ring of Soerghine {Will+ Int+3 SInv
                  | Stlth+}.
  2078 | D:2      | 2078 ||| DRINKING 2 viscous dark potions.
  2079 | D:2      | 2079 ||| DRINKING 2 silvery potions.
  2080 | D:2      | 2080 ||| DRINKING 2 bubbling silvery potions.
  2185 | D:2      | 2185 ||| DROPPING potion of berserk rage.
  2223 | D:3      | Found the +7 Throatcutter {drain, coup de grace}
  2395 | D:3      | 2395 ||| Stepping ~*~*~tactically~*~*~ (stealth).
  2479 | D:3      | 2479 ||| Stepping ~*~*~tactically~*~*~ (hiding).
  2660 | D:3      | 2660 ||| DROPPING +0 ring mail of willpower.
  2661 | D:3      | 2661 ||| UPGRADING to ring of positive energy.
  2662 | D:3      | 2662 ||| READING scroll labelled NEIJEX OMMEI.
  2663 | D:3      | 2663 ||| DRINKING 2 viscous orange potions.
  2664 | D:3      | 2664 ||| DRINKING 2 bubbling orange potions.
  2665 | D:3      | 2665 ||| DROPPING potion of brilliance.
  2666 | D:3      | 2666 ||| DROPPING potion of invisibility.
  2688 | D:4      | 2688 ||| PLANNING SEWER
  2879 | D:4      | 2879 ||| Stepping ~*~*~tactically~*~*~ (water).
  2941 | D:4      | Found a glowing drain.
  2948 | D:4      | 2948 ||| READING scroll labelled LASHAL YMAOWK.
  2956 | Sewer    | Entered a sewer
  2973 | Sewer    | Reached skill level 1 in Dodging
  3031 | Sewer    | 3031 ||| Stepping ~*~*~tactically~*~*~ (water).
  3127 | Sewer    | 3127 ||| Stepping ~*~*~tactically~*~*~ (stealth).
  3161 | Sewer    | 3161 ||| Stepping ~*~*~tactically~*~*~ (water).
  3171 | Sewer    | 3171 ||| Stepping ~*~*~tactically~*~*~ (water).
  3204 | Sewer    | 3204 ||| Stepping ~*~*~tactically~*~*~ (water).
  3274 | Sewer    | Reached skill level 6 in Axes
  3276 | Sewer    | Reached XP level 7. HP: 13/43 MP: 7/7
  3394 | Sewer    | 3394 ||| UPGRADING to +4 chain mail of fire resistance.
  3404 | Sewer    | 3404 ||| DROPPING +0 scale mail.
  3405 | Sewer    | 3405 ||| READING scroll labelled FEJYTA RISS.
  3420 | D:4      | 3420 ||| PLANNING D:1-11
  3498 | D:4      | 3498 ||| Stepping ~*~*~tactically~*~*~ (hiding).
  3552 | D:4      | Found a staircase to the Ecumenical Temple.
  3553 | D:4      | 3553 ||| PLANNING TEMPLE
  3559 | Temple   | Entered the Ecumenical Temple
  3650 | Temple   | 3650 ||| PLANNING OKAWARU WORSHIP
  3856 | Temple   | Became a worshipper of Warmaster Okawaru
  3856 | Temple   | 3856 ||| PLANNING D:1-11
  4120 | D:4      | 4120 ||| Stepping ~*~*~tactically~*~*~ (stealth).
  4309 | D:4      | 4309 ||| DRINKING 2 inky potions.
  4310 | D:4      | 4310 ||| DRINKING 2 bubbling emerald potions.
  4311 | D:4      | 4311 ||| READING 2 scrolls of identify.
  4311 | D:4      | 4311 ||| IDENTIFYING viscous red potion
  4312 | D:4      | 4312 ||| DROPPING potion of degeneration.
  4313 | D:4      | 4313 ||| DROPPING potion of flight.
  4333 | D:5      | Entered Level 5 of the Dungeon
  4426 | D:5      | 4426 ||| DROPPING +0 whip.
  4535 | D:5      | Noticed Menkaure
  4543 | D:5      | HP: 9/43 [adder (3)]
  4544 | D:5      | Reached skill level 7 in Axes
  4544 | D:5      | 4544 ||| READING 2 scrolls of teleportation.
  4546 | D:5      | Killed Menkaure
  4546 | D:5      | HP: 2/43 [phantom (4)]
  4780 | D:5      | Found an opulent altar of Gozag.
  4804 | D:5      | 4804 ||| Stepping ~*~*~tactically~*~*~ (stealth).
  4891 | D:5      | Reached XP level 8. HP: 49/49 MP: 8/8
  5056 | D:5      | Reached * piety under Okawaru
  5086 | D:5      | 5086 ||| DROPPING +0 flail.
  5171 | D:5      | Reached skill level 1 in Invocations
  5279 | D:5      | 5279 ||| UPGRADING to ring of willpower.
  5281 | D:5      | 5281 ||| READING 2 scrolls labelled NECVESMAAD.
  5282 | D:5      | 5282 ||| READING 2 scrolls of identify.
  5282 | D:5      | 5282 ||| IDENTIFYING red potion
  5283 | D:5      | 5283 ||| DROPPING scroll of vulnerability.
  5332 | D:6      | Noticed Eustachio
  5333 | D:6      | 5333 ||| INVOKING Heroism.
  5354 | D:6      | 5354 ||| INVOKING Heroism.
  5372 | D:6      | 5372 ||| INVOKING Heroism.
  5377 | D:6      | Killed Eustachio
  5378 | D:6      | Reached skill level 8 in Axes
  5398 | D:6      | Noticed Edmund
  5399 | D:6      | 5399 ||| INVOKING Heroism.
  5418 | D:6      | Killed Edmund
  5451 | D:6      | 5451 ||| DROPPING +1 flail of holy wrath.
  5467 | D:6      | 5467 ||| Stepping ~*~*~tactically~*~*~ (hiding).
  5471 | D:6      | 5471 ||| INVOKING Heroism.
  5475 | D:6      | Reached skill level 6 in Fighting
  5505 | D:6      | HP: 1/51 [orc priest/divine providence (15)]
  5506 | D:6      | 5506 ||| READING scroll of teleportation.
  5506 | D:6      | Mangled by an orc warrior

Levels and vault maps discovered:
D:1:      dpeg_arrival_simpleton_a, layout_basic, nicolae_hexahallways
D:2:      layout_basic, grunt_decor_junction, uniq_crazy_yiuf_cottage,
          uniq_robin, uniq_sigmund
D:3:      layout_rooms, amcnicky_mini_corridor_feature
D:4:      layout_basic, temple_green, lightli_sewer_entry_pipes
D:5:      layout_loops_ring, nicolae_gozag_cash_rules_everything_around_me,
          uniq_menkaure
D:6:      layout_cave_pools, hangedman_glass_teeth, uniq_edmund, uniq_grinder,
          uniq_eustachio
Temple:   roderic_octagonal_lattice_temple

Skill      XL: |  1  2  3  4  5  6  7  8 |
---------------+-------------------------+-----
Axes           | 2 3 5 6 7 8 |  8.3
Fighting       | 4 5 6 |  6.1
Dodging        | 1 |  1.0
Invocations    | 2 |  2.1
Armour         | |  3.5
Shields        | |  3.2

Action                     |  1- 3 |  4- 6 |  7- 9 || total
---------------------------+-------+-------+-------++-------
  Melee: War axe           |    94 |   189 |   177 ||   460
 Invoke: Heroism           |       |       |     5 ||     5
    Use: Scroll            |     2 |     2 |     6 ||    10
         Potion            |       |     5 |     2 ||     7
 Armour: Scale mail        |    45 |    90 |       ||   135
         Chain mail        |       |       |    75 ||    75
  Dodge: Dodged            |    42 |    78 |    54 ||   174
  Block: Buckler           |    27 |    25 |    31 ||    83

Table legend:
 A = Non-vault XP
 B = Vault XP
 C = Vault XP percentage of total XP
 D = Non-vault monster count
 E = Vault monster count
 F = Vault count percentage of total count
                 A         B        C        D         E       F
            +---------+---------+-------+---------+---------+-------
      Total |     962 |    1094 |  53.2 |      84 |      64 |  43.2
            +---------+---------+-------+---------+---------+-------
        D:1 |      26 |       0 |   0.0 |      16 |       0 |   0.0
        D:2 |      50 |     251 |  83.4 |      22 |      14 |  38.9
        D:3 |      19 |       0 |   0.0 |       8 |       0 |   0.0
        D:4 |     156 |      48 |  23.5 |      14 |       8 |  36.4
        D:5 |     575 |     157 |  21.4 |      17 |       1 |   5.6
        D:6 |     136 |     370 |  73.1 |       7 |       2 |  22.2
      Sewer |       0 |     268 | 100.0 |       0 |      39 | 100.0
            +---------+---------+-------+---------+---------+-------
